 Dungeon Crawl Stone Soup version 0.30-a0-1114-gd936c97349 (webtiles) character file.

Game seed: 8784685066994684796

268630 MacCMillion the Wrestler (level 19, -3/196 HPs)
             Began as a Troll Fighter on Apr 21, 2023.
             Was the Champion of Okawaru.
             Slain by a +1 scimitar of flaming (13 damage)
             ... on level 2 of the Elven Halls.
             The game lasted 01:41:44 (39362 turns).

MacCMillion the Wrestler (Troll Fighter)           Turns: 39362, Time: 01:41:45

Health: -3/196     AC: 22    Str: 39    XL:     19   Next: 38%
Magic:  22/24      EV: 12    Int:  8    God:    Okawaru [******]
Gold:   3324       SH: 21    Dex:  9    Spells: 18/18 levels left

rFire   + + .      SeeInvis +      - Unarmed
rCold   x . .      Faith    .    P - +4 tower shield of Eshriycs {+Inv rPois Int-4 Stlth+}
rNeg    . . .      Spirit   .    k - +7 fire dragon scales of the End {*Corrode rF++ rC- Str-2 Int+8 SInv}
rPois   +          Reflect  .    Y - +0 hat {Will+}
rElec   .          Rampage  .    n - +1 cloak of Starlight {*Dazzle EV+4 Stlth--}
rCorr   .                        (gloves unavailable)
Will    +++..                    (boots unavailable) Stlth
                                 D - amulet of regeneration
HPRegen 2.12/turn                z - +6 ring of strength
MPRegen 0.19/turn                f - ring of willpower

@: mighty, studying Dodging
A: large, unfitting armour, claws 3, regeneration 1, shaggy fur 1, tough skin 1
}: 2/15 runes: serpentine, barnacled
a: Renounce Religion, Evoke Invisibility, Heroism, Finesse, Duel


You were on level 2 of the Elven Halls.
You worshipped Okawaru.
Okawaru was exalted by your worship.
You visited 7 branches of the dungeon, and saw 34 of its levels.
You also visited: Sewer and Ice Cave.

You collected 3404 gold pieces.
You spent 80 gold pieces at shops.

Inventory:

Missiles
 b - a silver boomerang
 u - a throwing net
 M - 6 silver javelins
 N - 49 large rocks (quivered)
 O - 10 javelins
 S - 18 boomerangs
 T - 9 curare-tipped darts
Armour
 k - the +7 fire dragon scales of the End (worn) {*Corrode rF++ rC- Str-2 Int+8 SInv}
   (Okawaru gifted it to you on level 4 of the Lair of Beasts)

   Str:       It affects your strength (-2).
   Int:       It affects your intelligence (+8).
   rF:        It greatly protects you from fire.
   rC:        It makes you vulnerable to cold.
   SInv:      It lets you see invisible.
   *Corrode:  It may corrode you when you take damage.
 n - the +1 cloak of Starlight (worn) {*Dazzle EV+4 Stlth--}
   (You found it on level 11 of the Dungeon)

   *Dazzle:   It may blind those who miss an attack against the wearer in melee
   combat.
   EV:        It affects your evasion (+4).
   Stlth:     It makes you much less stealthy.
 P - the +4 tower shield of Eshriycs (worn) {+Inv rPois Int-4 Stlth+}
   (Okawaru gifted it to you on level 5 of the Lair of Beasts)

   Int:       It affects your intelligence (-4).
   rPois:     It protects you from poison.
   +Inv:      It lets you turn invisible.
   Stlth:     It makes you more stealthy.
 Y - a +0 hat of willpower (worn)
Jewellery
 f - a ring of willpower (right claw)
 i - the ring of Vayt {Str+2 Int+3 Dex+6 SInv}
   (You took it off a boggart on level 11 of the Dungeon)

   [ring of dexterity]

   Str:       It affects your strength (+2).
   Int:       It affects your intelligence (+3).
   Dex:       It affects your dexterity (+6).
   SInv:      It lets you see invisible.
 o - the ring "Uniaco Dugg" {Ice Will+ SInv}
   (You took it off a tengu warrior on level 11 of the Dungeon)

   [ring of ice]

   It enhances your ice magic.
   rF:        It makes you vulnerable to fire.
   rC:        It protects you from cold.
   SInv:      It lets you see invisible.
   Will:      It increases your willpower.
 p - the ring of Haza Tarr {Wiz rElec Int+5 Dex-4}
   (You found it on level 14 of the Dungeon)

   [ring of wizardry]

   It improves your spell success rate.
   Int:       It affects your intelligence (+5).
   Dex:       It affects your dexterity (-4).
   rElec:     It insulates you from electricity.
 z - a +6 ring of strength (left claw)
 D - an amulet of regeneration (around neck)
 H - a ring of resist corrosion
 J - the ring "Wualip" {rC+++ Will- rCorr Str+2 SInv}
   (You found it on level 6 of the Dungeon)

   [ring of see invisible]

   Str:       It affects your strength (+2).
   rC:        It renders you almost immune to cold.
   SInv:      It lets you see invisible.
   rCorr:     It protects you from acid and corrosion.
   Will:      It decreases your willpower.
 L - a ring of flight
 R - a ring of protection from cold
 W - the ring of Afesk {rPois rF+ AC+4}
   (You took it off a centaur warrior on level 11 of the Dungeon)

   [ring of protection]

   AC:        It affects your AC (+4).
   rF:        It protects you from fire.
   rPois:     It protects you from poison.
 X - a ring of protection from fire
Wands
 h - a wand of digging (5)
 j - a wand of paralysis (8)
 l - a wand of mindburst (10)
 r - a wand of iceblast (74)
 t - a wand of flame (46)
 E - a wand of polymorph (7)
 Z - a wand of light (16)
Scrolls
 g - 12 scrolls of teleportation
 m - 7 scrolls of immolation
 q - 5 scrolls of blinking
 s - 3 scrolls of torment
 v - a scroll of magic mapping
 x - a scroll of silence
 y - 3 scrolls of enchant armour
 C - 8 scrolls of vulnerability
 K - 3 scrolls of fog
 U - 2 scrolls of fear
Potions
 a - 2 potions of ambrosia
 c - 6 potions of might
 d - 4 potions of mutation
 e - 10 potions of curing
 w - 11 potions of attraction
 A - 6 potions of lignification
 B - 6 potions of cancellation
 F - 7 potions of haste
 G - 2 potions of invisibility
 I - 3 potions of heal wounds
 Q - 2 potions of resistance
 V - 3 potions of berserk rage


   Skills:
 + Level 13.6 Fighting
 + Level 12.0 Throwing
 - Level 7.4 Armour
 - Level 6.0 Dodging
 + Level 14.8 Shields
 * Level 21.8 Unarmed Combat
 - Level 8.0 Invocations


You had 18 spell levels left.
You didn't know any spells.
Your spell library contained the following spells:

 Spells                   Type           Power      Damage    Failure   Level
 Apportation              Tloc           0%         N/A       91%         1
 Beastly Appendage        Tmut           0%         N/A       91%         1
 Kiss of Death            Conj/Necr      0%         2d5       91%         1
 Necrotise                Necr           0%         1d4       91%         1
 Cigotuvi's Dreadful Rot  Necr/Pois/Air  0%         N/A       97%         2
 Ensorcelled Hibernation  Hex/Ice        0%         N/A       97%         2
 Lesser Beckoning         Tloc           0%         N/A       97%         2
 Passwall                 Tmut/Erth      0%         N/A       97%         2
 Scorch                   Fire           0%         2d5       97%         2
 Sublimation of Blood     Necr           0%         N/A       97%         2
 Wereblood                Tmut           0%         N/A       97%         2
 Confusing Touch          Hex            0%         N/A       100%        3
 Dazzling Flash           Conj/Hex       0%         N/A       100%        3
 Gell's Gravitas          Tloc           0%         N/A       100%        3
 Ignite Poison            Fire/Tmut/Pois 0%         N/A       100%        3
 Inner Flame              Hex/Fire       0%         N/A       100%        3
 Ozocubu's Armour         Ice            0%         N/A       100%        3
 Spider Form              Tmut/Pois      0%         N/A       100%        3
 Swiftness                Air            0%         N/A       100%        3
 Teleport Other           Tloc           0%         N/A       100%        3
 Anguish                  Hex/Necr       0%         N/A       100%        4
 Cause Fear               Hex            0%         N/A       100%        4
 Dispel Undead            Necr           0%         3d6       100%        4
 Flame Wave               Conj/Fire      0%         2d4       100%        4
 Sticky Flame             Conj/Fire      0%         2d3       100%        4
 Agony                    Necr           0%         N/A       100%        5
 Alistair's Intoxication  Tmut/Pois      0%         N/A       100%        5
 Blade Hands              Tmut           0%         N/A       100%        5
 Borgnjor's Vile Clutch   Necr/Erth      0%         N/A       100%        5
 Fireball                 Conj/Fire      0%         3d3       100%        5
 Freezing Cloud           Conj/Ice/Air   0%         6-21      100%        5
 Irradiate                Conj/Tmut      0%         3d11      100%        5
 Iskenderun's Battlesphe  Conj           0%         2d6       100%        5
 Silence                  Hex/Air        0%         N/A       100%        5
 Conjure Ball Lightning   Conj/Air       0%         3x3d6     100%        6
 Eringya's Noxious Bog    Tmut/Pois      0%         N/A       100%        6
 Iron Shot                Conj/Erth      0%         9d1       100%        6
 Dragon Form              Tmut           0%         N/A       100%        7
 Enfeeble                 Hex            0%         N/A       100%        7
 Orb of Destruction       Conj           0%         9d5       100%        7
 Ozocubu's Refrigeration  Ice            0%         4d7       100%        7
 Borgnjor's Revivificati  Necr           0%         N/A       100%        8
 Ignition                 Fire           0%         3d3       100%        8
 Summon Small Mammal      Summ           Unusable   N/A       N/A         1
 Summon Guardian Golem    Hex/Summ       Unusable   N/A       N/A         3
 Animate Armour           Summ/Erth      Unusable   N/A       N/A         4
 Death Channel            Necr           Unusable   N/A       N/A         6
 Simulacrum               Ice/Necr       Unusable   N/A       N/A         6
 Summon Cactus Giant      Summ           Unusable   N/A       N/A         6
 Spellforged Servitor     Conj/Summ      Unusable   N/A       N/A         7

Dungeon Overview and Level Annotations

Branches:
Dungeon (15/15)            Temple (1/1) D:5            Lair (5/5) D:8
 Shoals (4/4) Lair:2        Snake (4/4) Lair:2        Slime (0/5) Lair:5
    Orc (2/2) D:9             Elf (3/3) Orc:2        Vaults (0/5) D:14
 Depths (0/4) D:15          Sewer (visited)           IceCv (visited)

Altars:
Ashenzari
Cheibriados
Dithmenos
Elyvilon
Fedhas
Gozag
Hepliaklqana
Kikubaaqudgha
Makhleb
Nemelex Xobeh
Okawaru
Qazlal
Ru
Sif Muna
Trog
Uskayaw
Vehumet
Wu Jian
Xom
Yredelemnul
Zin
The Shining One
Jiyva

Shops:
D:5 !   Orc:2 =(*[   Elf:1 (:   Elf:3 *[=(   Shoals:3 !

Portals:
Abyss: D:3

Annotations:
D:3 2 transporters, b0ghi87's ghost, amateur DjCj
D:9 2 transporters
Elf:1 6 runed translucent doors
Elf:2 3 runed translucent doors


Innate Abilities, Weirdness & Mutations

You are too large for most types of armour.
You have claws for hands.
Your natural rate of healing is unusually fast.
You are covered in fur. (AC +1)
You have tough skin. (AC +1)


Message History

You mangle the +2 antimagic halberd!!
The +2 antimagic halberd falls from the air.
Okawaru accepts your kill.
A +4 trident of venom comes into view.
A deep elf knight comes into view. It is wielding a +0 scimitar.
The deep elf zephyrmancer casts a spell at you.
The bolt of lightning hits you!
* * * LOW HITPOINT WARNING * * *
The deep elf knight unwields a +0 scimitar.
The deep elf knight wields a +0 shortbow.
The deep elf knight shoots an arrow.
You block the arrow.
You see here a +2 antimagic halberd.
The deep elf zephyrmancer gestures at you while chanting.
The bolt of lightning misses you.
A +1 scimitar of flaming comes into view.
A +1 long sword of venom comes into view.
A +2 antimagic quick blade comes into view.
The deep elf zephyrmancer gestures at you while chanting.
The bolt of lightning hits you!!
* * * LOW HITPOINT WARNING * * *
The deep elf knight gestures wildly while chanting.
The deep elf knight seems to speed up.
You feel much better.
The deep elf knight shoots an arrow.
You block the arrow.
The deep elf pyromancer casts a spell.
The deep elf knight casts a spell.
The deep elf knight flickers and vanishes for a moment.
The +2 antimagic quick blade is engulfed in blazing flames.
The deep elf zephyrmancer casts a spell.
The deep elf zephyrmancer blinks!
You block the fire elemental's attack.
You block the +1 long sword of venom's attack.
The deep elf knight shoots an arrow.
The arrow closely misses you.
You block the +1 long sword of venom's attack.
The deep elf zephyrmancer gestures at you while chanting.
The bolt of lightning hits the fire elemental!
The fire elemental resists.
The bolt of lightning hits you!!
* * * LOW HITPOINT WARNING * * *
You open the large door.
The +1 long sword of venom barely misses you.
You block the fire elemental's attack. The +1 scimitar of flaming hits you!
You die...

# ##....###.##.##.#
##....##'#######
#....##.......#
##....##.......#
#...######...###
##### #+++#
###...#####
...++#''...## #.##
....###@....##...#
......(E(....(...
.......○(......# ..
........E.....## ...
........○....## #...
.........°e...###....
...e.e..)°.....#.....
..........)..........
.........)..)........


You could see a deep elf knight (fast, invisible), a deep elf pyromancer, a deep
elf zephyrmancer, 2 fire elementals and 4 dancing weapons.

Vanquished Creatures
  Nikola (Shoals:1)
  Asterion (Snake:2)
  A kraken (Shoals:3)
  Agnes (Snake:1)
  5 nagarajas (Snake:4)
  A deep elf sorcerer (Elf:2)
  Aizul (Snake:1)
  An orc warlord (Arena)
  2 deep elf elementalists (Elf:3)
  A very ugly thing (D:14)
  3 reapers (IceCv)
  2 deep elf demonologists (Elf:1)
  Azrael (Elf:1)
  Snorg (Orc:2)
  8 merfolk impalers
  2 merfolk javelineers
  A fire dragon (Lair:5)
  Josephine (D:10)
  A deep elf high priest (Elf:1)
  2 spectral krakens (Shoals:2)
  8 vault guards (D:14)
  A rakshasa (D:14)
  5 salamander tyrants
  8 hydras
  2 ogre magi
  An alligator snapping turtle (Shoals:3)
  8 anacondas
  3 boulder beetles
  3 ghost crabs (Shoals:2)
  4 merfolk aquamancers
  19 dancing weapons
  7 centaur warriors
  4 merfolk avatars
  7 two-headed ogres
  2 satyrs (Shoals:4)
  2 orc high priests
  7 shock serpents
  3 tengu warriors
  19 naga warriors
  14 naga sharpshooters
  6 death yaks
  9 deep elf knights
  Sonja (D:12)
  2 skeletal warriors (D:14)
  5 skysharks
  4 salamander mystics
  A death drake (shapeshifter) (Elf:1)
  A shadow wraith (D:14)
  An obsidian statue (IceCv)
  3 naga ritualists (Snake:4)
  4 spriggan simulacra (IceCv)
  9 sea snakes
  2 wizards (D:15)
  An orange crystal statue (IceCv)
  2 lindwurms (Lair:5)
  2 wolf spiders (D:14)
  18 deep elf zephyrmancers
  A necromancer (D:15)
  A bog body (IceCv)
  12 deep elf archers
  17 deep elf pyromancers
  14 harpies
  5 mana vipers
  3 orc knights (Orc:2)
  23 ugly things
  2 oklob plants (Lair:4)
  16 manticores
  5 orc sorcerers
  A cyclops (shapeshifter) (Elf:1)
  9 fauns
  A manticore (shapeshifter) (D:12)
  19 salamanders
  A salamander (shapeshifter) (D:14)
  9 cyclopes
  Joseph (D:8)
  23 black mambas
  5 elephants (Lair:1)
  9 guardian serpents
  4 merfolk sirens
  3 molten gargoyles (Lair:5)
  22 naga magi
  4 gargoyles
  7 water nymphs
  3 centaur skeletons (D:15)
  7 cane toads
  2 kobold demonologists
  3 rime drakes
  2 unseen horrors
  A yaktaur (shapeshifter) (Elf:2)
  Maggie (Lair:1)
  A yaktaur (D:14)
  3 efreet
  An anaconda simulacrum (IceCv)
  7 freezing wraiths
  3 tengu conjurers
  2 spectral merfolk (Shoals:2)
  A golden dragon simulacrum (IceCv)
  3 ice devils (IceCv)
  11 trolls
  8 komodo dragons
  3 meliai (D:14)
  27 merfolk
  14 wind drakes
  2 polar bears
  Prince Ribbit (D:8)
  A spectral manticore (Shoals:2)
  20 dream sheep
  24 blink frogs
  7 snapping turtles
  8 slime creatures
  4 shadows
  Sigmund (D:3)
  4 dire elephant simulacra
  2 spectral wind drakes (Shoals:2)
  5 wyverns
  8 water elementals
  2 air elementals
  7 wraiths
  3 centaur simulacra
  6 humans
  2 vampires
  32 yaks
  11 fire elementals
  7 basilisks
  8 vampire mosquitoes
  3 steam dragons
  3 harpy simulacra
  5 minotaur simulacra
  2 wargs
  41 nagas
  A hydra simulacrum (IceCv)
  A spectral snapping turtle (Shoals:2)
  12 water moccasins
  3 acid dragons
  4 hell hounds
  2 ice beasts
  32 orc warriors
  2 black bears
  4 sky beasts
  An alligator simulacrum (Elf:2)
  An ettin simulacrum (IceCv)
  7 ogres
  2 boggarts
  8 centaurs
  18 wolves
  6 kobold brigands
  Blork the orc (D:6)
  10 bullfrogs
  3 gnoll sergeants
  4 earth elementals
  5 scorpions
  7 wights
  6 deep troll simulacra
  12 killer bees
  A lindwurm simulacrum (IceCv)
  5 electric eels (D:8)
  3 howler monkeys
  3 lava snakes (Lair:5)
  8 hounds
  A gnoll bouda (D:6)
  15 orc priests
  9 jellies
  Terence (D:3)
  4 iguanas
  15 orc wizards
  6 sleepcaps
  5 hell rats (Lair:1)
  9 gnolls
  3 adders
  2 river rats
  5 white imps
  8 worms
  2 dart slugs
  47 orcs
  13 ball pythons
  13 endoplasms
  5 giant cockroaches
  11 hobgoblins
  11 jackals
  13 kobolds
  8 quokkas
  11 bats
  4 frilled lizards (Sewer)
  10 goblins
  9 rats
  2 tentacles
1188 creatures vanquished.

Vanquished Creatures (others)
  A merfolk avatar (Shoals:1)
  2 deep elf knights (Elf:3)
  3 deep elf zephyrmancers
  An unseen horror (D:13)
  3 water elementals (Elf:1)
  An orc (Elf:1)
  25 fungi
  198 plants
  23 tentacles
  9 withered plants (Shoals:2)
266 creatures vanquished.

Grand Total: 1454 creatures vanquished

Notes
Turn   | Place    | Note
-------+----------+-------------------------------------------
     0 | D:1      | MacCMillion the Troll Fighter began the quest for the Orb.
     0 | D:1      | Reached XP level 1. HP: 22/22 MP: 0/0
   150 | D:1      | Reached XP level 2. HP: 29/29 MP: 1/1
   504 | D:1      | Reached XP level 3. HP: 36/36 MP: 2/2
   812 | D:2      | Reached skill level 3 in Unarmed Combat
  1730 | D:3      | Reached XP level 4. HP: 44/44 MP: 3/3
  2071 | D:3      | Found a transporter.
  2081 | D:3      | Found a transporter.
  2146 | D:3      | Found a one-way gate to the infinite horrors of the Abyss.
  2146 | D:3      | Noticed b0ghi87's ghost (amateur DjCj)
  2211 | D:3      | Noticed Sigmund
  2227 | D:3      | Killed Sigmund
  2228 | D:3      | Reached skill level 4 in Unarmed Combat
  2228 | D:3      | Reached XP level 5. HP: 18/53 MP: 4/4
  2583 | D:3      | Reached XP level 6. HP: 61/61 MP: 5/5
  2651 | D:3      | Noticed Terence
  2663 | D:3      | Killed Terence
  2701 | D:4      | Found a bloodstained altar of Trog.
  3220 | D:4      | Reached skill level 5 in Unarmed Combat
  3646 | D:4      | Reached XP level 7. HP: 60/68 MP: 6/6
  3751 | D:4      | Reached skill level 6 in Unarmed Combat
  3965 | D:4      | Found a sparkling altar of Nemelex Xobeh.
  3977 | D:4      | Found a broken altar of Ashenzari.
  4248 | D:5      | Entered Level 5 of the Dungeon
  4381 | D:5      | Found a staircase to the Ecumenical Temple.
  4409 | Temple   | Entered the Ecumenical Temple
  4764 | D:5      | Found Extac's Distillery.
  4773 | D:5      | Bought a potion of heal wounds for 50 gold pieces
  4773 | D:5      | Bought a potion of curing for 30 gold pieces
  4836 | D:5      | Reached skill level 5 in Shields
  4836 | D:5      | Reached XP level 8. HP: 53/79 MP: 7/7
  5412 | D:6      | Reached skill level 7 in Unarmed Combat
  5489 | D:5      | Reached skill level 5 in Fighting
  5549 | D:6      | Noticed a two-headed ogre
  5556 | D:6      | Killed a two-headed ogre
  5557 | D:6      | Reached skill level 8 in Unarmed Combat
  5557 | D:6      | Reached XP level 9. HP: 57/88 MP: 8/8
  5640 | D:6      | Reached skill level 9 in Unarmed Combat
  5657 | D:6      | Noticed Blork the orc
  5664 | D:6      | Killed Blork the orc
  5761 | D:6      | Noticed a boulder beetle
  5783 | D:6      | Killed a boulder beetle
  5784 | D:6      | Reached skill level 10 in Unarmed Combat
  5809 | D:6      | Reached XP level 10. HP: 57/100 MP: 9/9
  5905 | D:6      | Found a glowing drain.
  5929 | Sewer    | Entered a sewer
  6107 | Sewer    | Found a viscous altar of Jiyva.
  6388 | D:6      | Identified the ring "Wualip" {rC+++ Will- rCorr Str+2 SInv}
  6571 | D:6      | Reached skill level 11 in Unarmed Combat
  6857 | D:6      | Found an iron altar of Okawaru.
  6877 | D:6      | Became a worshipper of Warmaster Okawaru
  7064 | D:7      | Reached skill level 1 in Invocations
  7540 | D:8      | Found a shimmering altar of Xom.
  7586 | D:8      | Reached * piety under Okawaru
  7710 | D:8      | Found a staircase to the Lair.
  7711 | D:8      | Noticed a two-headed ogre
  8130 | D:8      | Noticed Joseph
  8142 | D:8      | Killed Joseph
  8226 | D:8      | Reached ** piety under Okawaru
  8598 | D:8      | Noticed Prince Ribbit
  8612 | D:8      | Killed Prince Ribbit
  8613 | D:8      | Reached XP level 11. HP: 105/109 MP: 11/11
  8906 | D:9      | Found an ornate altar of the Wu Jian Council.
  9134 | D:8      | Reached skill level 12 in Unarmed Combat
  9278 | D:9      | Found a transporter.
  9497 | D:9      | Found a staircase to the Orcish Mines.
  9511 | D:9      | Found a transporter.
  9547 | D:9      | You fall into a shaft and drop 2 floors!
  9555 | D:10     | Entered Level 10 of the Dungeon
  9722 | D:10     | Reached *** piety under Okawaru
  9999 | D:9      | Found a shimmering blue altar of Sif Muna.
 10145 | D:9      | Reached skill level 1 in Throwing
 10988 | D:10     | Noticed Josephine
 10998 | D:10     | Killed Josephine
 11019 | D:10     | Reached **** piety under Okawaru
 11555 | Lair:1   | Entered Level 1 of the Lair of Beasts
 11622 | Lair:1   | Reached skill level 5 in Throwing
 11647 | Lair:1   | Noticed Maggie
 11674 | Lair:1   | Killed Maggie
 11960 | Lair:1   | Reached ***** piety under Okawaru
 12001 | Lair:1   | Reached skill level 5 in Invocations
 12015 | Lair:1   | Identified the +1 robe of Past Mistakes {+Blink rPois rN++
                  | Dex+3} (Okawaru gifted it to you on level 1 of the Lair of
                  | Beasts)
 12015 | Lair:1   | Received a gift from Okawaru
 12274 | Lair:1   | Reached XP level 12. HP: 118/118 MP: 15/15
 12665 | Lair:2   | Found a staircase to the Shoals.
 12910 | Lair:2   | Identified the +9 spear "Veagg" {freeze, rPois rN+ Will-}
 13016 | Lair:2   | Noticed a four-headed hydra
 13022 | Lair:2   | Killed a four-headed hydra
 13107 | Lair:2   | Noticed an eight-headed hydra
 13112 | Lair:2   | Killed an eight-headed hydra
 13112 | Lair:2   | Noticed a six-headed hydra
 13116 | Lair:2   | Killed a six-headed hydra
 13127 | Lair:2   | Noticed an eight-headed hydra
 13139 | Lair:2   | Killed an eight-headed hydra
 13246 | Lair:2   | Found a staircase to the Snake Pit.
 13937 | Lair:3   | Noticed a death yak
 13968 | Lair:3   | Killed a death yak
 14081 | Lair:3   | Noticed a death yak
 14081 | Lair:3   | Noticed a death yak
 14081 | Lair:3   | Noticed a death yak
 14088 | Lair:3   | Noticed a death yak
 14120 | Lair:2   | Killed a death yak
 14121 | Lair:2   | Reached skill level 13 in Unarmed Combat
 14378 | Lair:3   | Noticed a death yak
 14405 | Lair:2   | Killed a death yak
 14421 | Lair:2   | Killed a death yak
 14426 | Lair:2   | Killed a death yak
 14427 | Lair:2   | Reached skill level 5 in Dodging
 14457 | Lair:3   | Killed a death yak
 14689 | Lair:3   | Received a gift from Okawaru
 14711 | Lair:3   | Reached XP level 13. HP: 116/128 MP: 18/18
 15150 | Lair:3   | Received a gift from Okawaru
 15658 | Lair:4   | Identified the staff of air "Zuengu" {rElec rPois rCorr
                  | Str+3}
 15756 | Lair:4   | Identified the +7 fire dragon scales of the End {*Corrode
                  | rF++ rC- Str-2 Int+8 SInv} (Okawaru gifted it to you on
                  | level 4 of the Lair of Beasts)
 15756 | Lair:4   | Received a gift from Okawaru
 16283 | Lair:4   | Reached skill level 14 in Unarmed Combat
 16317 | Lair:4   | Identified a scroll of acquirement
 16353 | Lair:4   | Found a blossoming altar of Fedhas.
 16582 | Lair:4   | Acquired a manual of Dodging
 16600 | Lair:5   | Entered Level 5 of the Lair of Beasts
 16888 | Lair:5   | Reached skill level 1 in Armour
 16888 | Lair:5   | Reached skill level 10 in Shields
 17299 | Lair:5   | Received a gift from Okawaru
 17307 | Lair:5   | Reached XP level 14. HP: 115/140 MP: 19/19
 17319 | Lair:5   | Reached skill level 15 in Unarmed Combat
 17367 | Lair:5   | Found a large runed translucent door.
 17367 | Lair:5   | Found a large runed translucent door.
 17622 | Lair:5   | Found a viscous altar of Jiyva.
 17622 | Lair:5   | Found a staircase to the Slime Pits.
 17824 | Lair:5   | Identified the +4 tower shield of Eshriycs {+Inv rPois
                  | Int-4 Stlth+} (Okawaru gifted it to you on level 5 of the
                  | Lair of Beasts)
 17824 | Lair:5   | Received a gift from Okawaru
 18101 | Orc:1    | Entered Level 1 of the Orcish Mines
 18245 | Orc:2    | Entered Level 2 of the Orcish Mines
 18530 | Orc:2    | Found Veclal's Antique Armour Boutique.
 18870 | Orc:2    | Found Daet's Antique Weapon Shoppe.
 18871 | Orc:2    | Noticed an orc warlord
 18875 | Arena    | Entered the Arena
 18883 | Arena    | Killed an orc warlord
 19005 | Orc:2    | Noticed Snorg
 19015 | Orc:2    | Killed Snorg
 19115 | Orc:2    | Found Xolo's General Store.
 19160 | Orc:2    | Found a staircase to the Elven Halls.
 19264 | Orc:2    | Found Cacwil's Jewellery Emporium.
 19725 | D:11     | Reached skill level 10 in Fighting
 19943 | D:11     | Received a gift from Okawaru
 19999 | D:11     | Reached skill level 16 in Unarmed Combat
 20064 | D:11     | Identified the ring of Afesk {rPois rF+ AC+4}
 20160 | D:11     | Found the +1 cloak of Starlight {*Dazzle EV+4 Stlth--}
 20161 | D:11     | Identified the ring of Vayt {Str+2 Int+3 Dex+6 SInv}
 20238 | D:11     | Identified the ring "Uniaco Dugg" {Ice Will+ SInv}
 20704 | D:12     | Identified the +6 eveningstar "Irghem" {heavy, rN++}
                  | (Okawaru gifted it to you on level 12 of the Dungeon)
 20704 | D:12     | Received a gift from Okawaru
 20797 | D:12     | Noticed Sonja
 20803 | D:12     | Killed Sonja
 20912 | D:12     | Identified the +1 robe of Amamud {rF+ rC+}
 21566 | D:13     | Reached XP level 15. HP: 149/149 MP: 20/20
 21921 | D:14     | Identified the scarf of the Monkey {+Inv, rN+ rCorr SInv
                  | Stlth-} (Okawaru gifted it to you on level 14 of the
                  | Dungeon)
 21921 | D:14     | Received a gift from Okawaru
 21975 | D:14     | Reached ****** piety under Okawaru
 22314 | D:14     | Reached skill level 5 in Armour
 22375 | D:14     | Got the Handbook of the Cemetery
 22715 | D:14     | Found a gate to the Vaults.
 22729 | D:14     | Reached skill level 17 in Unarmed Combat
 22893 | D:14     | Received a gift from Okawaru
 22953 | D:14     | Identified the ring of Haza Tarr {Wiz rElec Int+5 Dex-4}
 23080 | D:14     | Received a gift from Okawaru
 23202 | D:14     | Got the Almanac of Incandescence and Skeletons
 23444 | D:15     | Entered Level 15 of the Dungeon
 23658 | D:15     | Found a staircase to the Depths.
 23825 | D:15     | Found a glowing silver altar of Zin.
 23827 | D:15     | Found a glowing golden altar of the Shining One.
 23831 | D:15     | Found a white marble altar of Elyvilon.
 23901 | D:15     | Reached XP level 16. HP: 151/162 MP: 21/21
 24573 | D:15     | Found a stormy altar of Qazlal.
 24831 | Snake:1  | Entered Level 1 of the Snake Pit
 25007 | Snake:1  | Noticed Agnes
 25035 | Snake:1  | Killed Agnes
 25227 | Snake:1  | Received a gift from Okawaru
 25229 | Snake:1  | Noticed Aizul
 25248 | Snake:1  | Killed Aizul
 25288 | Snake:1  | Reached skill level 18 in Unarmed Combat
 25853 | Snake:2  | Noticed Asterion
 25866 | Snake:2  | Killed Asterion
 26821 | Snake:3  | HP: 5/163 [shock serpent/bolt of electricity (16)]
 27183 | Snake:3  | Received a gift from Okawaru
 27689 | Snake:4  | Entered Level 4 of the Snake Pit
 28190 | Snake:4  | Reached XP level 17. HP: 160/172 MP: 22/22
 28192 | Snake:4  | Received a gift from Okawaru
 28556 | Snake:4  | Identified the +1 cloak "Riyfap" {rPois} (Okawaru gifted it
                  | to you on level 4 of the Snake Pit)
 28556 | Snake:4  | Received a gift from Okawaru
 28598 | Snake:4  | Reached skill level 19 in Unarmed Combat
 31005 | Snake:4  | Got a serpentine rune of Zot
 31138 | Shoals:1 | Entered Level 1 of the Shoals
 31355 | Shoals:1 | Reached skill level 10 in Throwing
 31691 | Shoals:1 | Noticed Nikola
 31714 | Shoals:1 | Killed Nikola
 31718 | Shoals:1 | Received a gift from Okawaru
 32767 | Shoals:2 | Received a gift from Okawaru
 33353 | Shoals:3 | Reached skill level 20 in Unarmed Combat
 33501 | Shoals:3 | Identified the +1 hat of the Komodo Dragon {rN+} (Okawaru
                  | gifted it to you on level 3 of the Shoals)
 33501 | Shoals:3 | Received a gift from Okawaru
 33521 | Shoals:3 | Noticed a kraken
 33537 | Shoals:3 | Killed a kraken
 33825 | Shoals:3 | Reached XP level 18. HP: 184/184 MP: 23/23
 34065 | Shoals:3 | Found Vesuryn's Distillery.
 34542 | Shoals:4 | Entered Level 4 of the Shoals
 35544 | Shoals:4 | Got a barnacled rune of Zot
 35765 | Shoals:4 | Received a gift from Okawaru
 36394 | Elf:1    | Entered Level 1 of the Elven Halls
 36528 | Elf:1    | Found Xypoib's Book Shop.
 36589 | Elf:1    | Found Sephipn's Antique Weapon Shop.
 36610 | Elf:1    | Received a gift from Okawaru
 37047 | Elf:1    | Received a gift from Okawaru
 37096 | Elf:1    | Reached skill level 21 in Unarmed Combat
 37100 | Elf:1    | Noticed a Brimstone Fiend
 37152 | Elf:1    | Noticed a Hell Sentinel
 37233 | Elf:1    | Noticed Azrael
 37242 | Elf:1    | Killed Azrael
 37245 | Elf:1    | Received a gift from Okawaru
 37522 | Elf:1    | Received a gift from Okawaru
 37649 | Elf:1    | Found a runed translucent gate.
 37649 | Elf:1    | Found a runed translucent gate.
 37649 | Elf:1    | Found a runed translucent gate.
 37649 | Elf:1    | Found a runed translucent gate.
 37649 | Elf:1    | Found a runed translucent gate.
 37651 | Elf:1    | Found a runed translucent gate.
 37811 | Elf:2    | Paralysed by an air elemental for 1 turns
 37817 | Elf:1    | Paralysed by an air elemental for 1 turns
 37885 | Elf:2    | Received a gift from Okawaru
 38056 | Elf:2    | Received a gift from Okawaru
 38142 | Elf:2    | Received a gift from Okawaru
 38151 | Elf:2    | Found a frozen archway.
 38160 | IceCv    | Entered an ice cave
 38203 | IceCv    | Reached XP level 19. HP: 193/193 MP: 24/24
 38535 | IceCv    | Found the +2 Maxwell's thermic engine {flame, freeze, rev}
 38969 | Elf:2    | Found a runed translucent gate.
 38969 | Elf:2    | Found a runed translucent gate.
 38969 | Elf:2    | Found a runed translucent gate.
 38992 | Elf:3    | Entered Level 3 of the Elven Halls
 38993 | Elf:3    | Paralysed by an air elemental for 1 turns
 39014 | Elf:3    | Found Jerontye's Assorted Antiques.
 39091 | Elf:3    | Found Qokufiuj's Antique Armour Boutique.
 39151 | Elf:3    | Found Focsemoj's Antique Weapon Shop.
 39173 | Elf:3    | Found Qehaweci's Jewellery Emporium.
 39281 | Elf:3    | Identified the +2 animal skin of Refuge {rPois Str+3 Int+3}
                  | (Okawaru gifted it to you on level 3 of the Elven Halls)
 39281 | Elf:3    | Received a gift from Okawaru
 39350 | Elf:2    | HP: 8/196 [deep elf zephyrmancer/bolt of lightning (22)]
 39358 | Elf:2    | HP: 7/196 [deep elf zephyrmancer/bolt of lightning (32)]
 39362 | Elf:2    | Slain by a +1 scimitar of flaming

Illustrated notes

Levels and vault maps discovered:
D:1:      nzn_arrival_settlement, layout_loops_ring
D:2:      layout_loops_corners, nicolae_figureground_sparkle
D:3:      minmay_chambers_of_twos, layout_loops_ring,
          gammafunk_ghost_abyssal_escape, uniq_sigmund, uniq_terence
D:4:      layout_basic, amethyst_overflow_temple_binary, lemuel_tele_altar,
          minmay_pentomino_pile
D:5:      layout_loops_corners, minmay_temple_entry_crystal_x, serial_shops,
          shop_fountains
D:6:      wad_guarded_room, layout_basic, okawaru_altar_gauntlet_db,
          cheibrodos_sewer_entry_sluice, hex_large, minmay_ruffians,
          uniq_blork_the_orc
D:7:      layout_cave_pools, kennysheep_doodads
D:8:      layout_basic, mainiacjoe_overflow_24_doors, erik_lair_island,
          minmay_puff, uniq_joseph, uniq_prince_ribbit1
D:9:      gammafunk_cloud_chamber, layout_loops_corners,
          kennysheep_orc_sif_temple, nicolae_wu_jian_immortal_techniques,
          orc_0_dummy, kennysheep_small_square
D:10:     layout_irregular_city, uniq_josephine
D:11:     minmay_the_grid_triangle_9x9_recursive_2_mashed
          [minmay_the_grid_triangle_9x9_prize_schism,
          minmay_the_grid_triangle_9x9_corruption,
          minmay_the_grid_triangle_9x9_sprig,
          minmay_the_grid_triangle_9x9_windchime], layout_basic
D:12:     layout_cave_pools, uniq_sonja
D:13:     layout_cave_pools
D:14:     minmay_swirls_squares, layout_loops_ring, erik_vaults_2,
          hellmonk_bongcloud_opening, nicolae_burly_brawl
D:15:     grunt_enter_depths_magical_seal, layout_loops_corners,
          good_gods_temple_1, nicolae_qazlal_eye_of_the_storm
Temple:   nicolae_temple_superstar
Lair:1:   layout_loops_ring, grunt_megastairs_3, uniq_maggie
Lair:2:   layout_loops_ring, shoals_dummy_entry,
          minmay_snake_entry_guardpost_small, grunt_forest_small_clearings,
          grunt_forest_stairs_basic, minmay_holes, hangedman_lair_generics_rect,
          grunt_megastairs_1
Lair:3:   layout_regular_city, serial_rivers, chequers_serial_rivers_large_a,
          chequers_serial_rivers_micro_c, chequers_serial_rivers_small_a,
          chequers_serial_rivers_micro_a
Lair:4:   layout_regular_city, hangedman_tree_tricks
Lair:5:   cheibrodos_lair_end_hotspot, layout_regular_city,
          dpeg_slime_entry_enclosed, chequers_serial_rivers_micro_b
Shoals:1: layout_shoals, uniq_nikola
Shoals:2: layout_shoals, nicolae_shoals_spectral_cove
Shoals:3: layout_shoals, serial_shops, shop
Shoals:4: shoals_end_grunt_garden, layout_shoals, nicolae_shoals_isolated_beach
Snake:1:  layout_onion, special_room, uniq_agnes, uniq_aizul
Snake:2:  layout_onion_interference, uniq_asterion
Snake:3:  layout_rooms
Snake:4:  grunt_snake_rune_serpentine_throne, layout_cave_town
Orc:1:    layout_diamond_mine
Orc:2:    grunt_orc_gardens, layout_caves, grunt_orc_garden, grunt_orc_garden,
          grunt_orc_garden, grunt_orc_garden, uniq_snorg
Elf:1:    layout_loops_cross, serial_shops, nicolae_shop_tiny_waterfront, shop,
          orc_legates, grunt_megastairs_4, uniq_azrael
Elf:2:    elven_hall_of_blades_hangedman_original
          [nicolae_blade_entry_hurt_lockers], layout_loops_cross,
          portal_ice_cave_entry_ice_simulacra
Elf:3:    grunt_elf_hall_diamonds, layout_gridlike, serial_shops, shop_statue,
          nicolae_shop_just_a_little_nook, nicolae_shop_rolling_square, shop,
          nicolae_shop_window_shopping, lemuel_flamethrower_3, uniq_bai_suzhen

Skill      XL: |  1  2  3  4  5  6  7  8  9 10 11 12 13 14 15 16 17 18 19 |
---------------+----------------------------------------------------------+-----
Shields        | 3 4 5 6 7 8 9 10 11 12 13 14 | 14.8
Unarmed Combat | 3 4 5 6 8 10 11 12 13 14 16 17 18 20 21 | 21.8
Fighting       | 3 4 5 6 7 8 9 10 11 12 13 | 13.6
Invocations    | 2 6 8 |  8.0
Dodging        | 3 5 6 |  6.0
Throwing       | 6 7 9 10 11 12 | 12.0
Armour         | 2 4 6 7 |  7.4

Action                     |  1- 3 |  4- 6 |  7- 9 | 10-12 | 13-15 | 16-18 | 19-21 || total
---------------------------+-------+-------+-------+-------+-------+-------+-------++-------
  Melee: Unarmed           |   130 |   135 |   174 |   675 |  1133 |  1649 |   203 ||  4099
  Throw: Dart              |       |       |     6 |    25 |     6 |       |       ||    37
         Large rock        |       |       |       |     9 |    31 |    60 |     4 ||   104
         Javelin           |       |       |       |     6 |       |     5 |       ||    11
 Invoke: Heroism           |       |       |       |     4 |     2 |     1 |     1 ||     8
         Finesse           |       |       |       |     1 |     3 |     6 |     3 ||    13
         Duel              |       |       |       |       |     1 |       |       ||     1
  Evoke: Wand              |       |       |     1 |     9 |     2 |       |       ||    12
    Use: Scroll            |       |       |    10 |     8 |    12 |     4 |     1 ||    35
         Potion            |       |       |     4 |       |       |     7 |     3 ||    14
   Stab: Sleeping          |       |     1 |       |     4 |       |       |       ||     5
         Invisible         |       |       |       |       |     9 |    11 |     1 ||    21
         Distracted        |       |       |       |       |     1 |     1 |       ||     2
 Armour: Robe              |    38 |    25 |    27 |    32 |       |       |       ||   122
         Troll leather arm |       |       |       |    53 |       |       |       ||    53
         Acid dragon scale |       |       |       |    58 |    21 |       |       ||    79
         Fire dragon scale |       |       |       |       |   364 |   515 |    58 ||   937
  Dodge: Dodged            |    27 |    37 |    39 |   203 |   319 |   452 |    34 ||  1111
  Block: Kite shield       |    57 |    59 |    75 |   288 |   154 |       |       ||   633
         Tower shield      |       |       |       |       |   792 |  1576 |   165 ||  2533

Table legend: (Time is in decaauts)
 A = Elapsed time spent in this place.
 B = Non-inter-level travel time spent in this place.
 C = Inter-level travel time spent in this place.
 D = Time resting spent in this place.
 E = Time spent auto-exploring this place.
 F = Levels seen in this place.
 G = Mean time per level.
                   A        B        C        D        E       F      G
               +--------+--------+--------+--------+--------+-----+--------+
         Total |  38866 |  36623 |   2243 |   6569 |  20563 |  37 | 1050.4 |
       Dungeon |  16746 |  15409 |   1337 |   2203 |   9953 |  15 | 1116.4 |
        Temple |    139 |    114 |     25 |      0 |    100 |   1 |  139.0 |
          Lair |   6560 |   6221 |    339 |    980 |   3889 |   5 | 1312.0 |
        Shoals |   4784 |   4679 |    105 |   1218 |   1727 |   4 | 1196.0 |
     Snake Pit |   6137 |   5906 |    231 |   1240 |   3124 |   4 | 1534.2 |
  Orcish Mines |   1362 |   1237 |    125 |    330 |    575 |   2 |  681.0 |
   Elven Halls |   2368 |   2290 |     78 |    456 |   1068 |   3 |  789.3 |
         Sewer |    244 |    244 |      0 |      0 |     37 |   1 |  244.0 |
      Ice Cave |    498 |    498 |      0 |    125 |     89 |   1 |  498.0 |
         Arena |     23 |     23 |      0 |     14 |      0 |   1 |   23.0 |
               +--------+--------+--------+--------+--------+-----+--------+

Top non-repeatable levels by time:
 Snake:4: 3083 daAuts
     D:3: 1619 daAuts
   Elf:1: 1574 daAuts
     D:9: 1513 daAuts
     D:8: 1494 daAuts
    D:14: 1450 daAuts
  Lair:3: 1421 daAuts
  Lair:2: 1418 daAuts
    D:10: 1378 daAuts
Shoals:3: 1364 daAuts
     D:6: 1319 daAuts
    D:11: 1318 daAuts
  Lair:5: 1301 daAuts
 Snake:2: 1286 daAuts
Shoals:4: 1249 daAuts
